 Dungeon Crawl Stone Soup version 0.21-a0-71-g5e5ddd2 (webtiles) character file.

825 xgamer67 the Chopper (level 7, -1/35 HPs)
             Began as a Vine Stalker Berserker on June 20, 2017.
             Was a Believer of Trog.
             Slain by a centaur
             ... wielding a +0 morningstar
              (6 damage)
             ... on level 6 of the Dungeon.
             The game lasted 00:07:42 (973 turns).

xgamer67 the Chopper (Vine Stalker Berserker)        Turns: 973, Time: 00:07:43

Health: -1/35      AC: 10    Str: 21    XL:     7   Next: 96%
Magic:  0/10       EV:  6    Int:  7    God:    Trog [**....]
Gold:   218        SH:  0    Dex: 14    Spells: 6/6 levels left

rFire    . . .     SeeInvis .   a - +0 hand axe
rCold    . . .     Gourm    .   (no shield)
rNeg     . . .     Faith    .   f - +0 plate armour (curse)
rPois    +         Spirit   +   (no helmet)
rElec    .         Reflect  .   (no cloak)
rCorr    .         Harm     .   (no gloves)
MR       ++...                  (no boots)
Stlth    ..........             (no amulet)
HPRegen  1.51/turn              d - ring of stealth
MPRegen  0.12/turn              p - ring of poison resistance

@: berserk cooldown, regenerating
A: fangs 2, regeneration 1, magic shield, antimagic bite, no potion heal 3, rot
immunity
a: Berserk, Trog's Hand, Burn Spellbooks, Renounce Religion


You were on level 6 of the Dungeon.
You worshipped Trog.
Trog was pleased with you.
You were hungry.

You visited 1 branch of the dungeon, and saw 6 of its levels.
You also visited: Sewer.

You collected 218 gold pieces.

Inventory:

Hand Weapons
 a - a +0 hand axe (weapon)
Armour
 f - a cursed +0 plate armour (worn)
Jewellery
 d - a ring of stealth (left hand)
 p - a ring of poison resistance (right hand)
Wands
 h - a wand of confusion (9/48)
Scrolls
 b - 4 scrolls of identify {unknown}
 j - a scroll of amnesia {unknown}
 l - 2 scrolls of teleportation {unknown}
 m - a scroll of immolation {unknown}
 q - a scroll of remove curse {unknown}
Potions
 e - a potion of haste {unknown}
 i - a potion of berserk rage {unknown}
 k - 2 potions of degeneration {unknown}
 o - 3 potions of lignification {unknown}
Comestibles
 c - 2 bread rations
 g - 3 chunks of flesh
 n - 3 fruits


   Skills:
 - Level 2.6 Fighting
 * Level 7.7 Axes
 - Level 1.5 Armour
 - Level 1.5 Dodging
 - Level 3.0 Evocations


You had 6 spell levels left.
You didn't know any spells.

Dungeon Overview and Level Annotations

Branches:
Dungeon (6/15)
 Temple: D:4-7

Altars:
Wu Jian


Innate Abilities, Weirdness & Mutations

You have extremely sharp teeth.
Your natural rate of healing is unusually fast.
When hurt, damage is shared between your health and your magic reserves.
Your bite disrupts and absorbs the magic of your enemies.
Potions cannot restore your health.
You are immune to rotting.


Message History

The centaur wields an uncursed morningstar.
The centaur barely misses you.
You hit the centaur.
The centaur is moderately wounded.
The centaur hits you with an uncursed morningstar!
You hit the centaur. Your bite misses the centaur.
The centaur is heavily wounded.
The centaur hits you with an uncursed morningstar!
You're still recovering from your berserk rage.
You hit the centaur. You bite the centaur. You drain its power.
You feel invigorated.
The centaur is severely wounded.
The centaur hits you with an uncursed morningstar!
Your skin crawls.
You feel resistant to hostile enchantments.
You are feeling hungry.
The centaur hits you with an uncursed morningstar!
* * * LOW HITPOINT WARNING * * *
The centaur hits you with an uncursed morningstar!
You die...

.......###.#
...###.###..#
.......#...##
.....###..###
. ##.## #..#
###)## #.c.#
#.#@# ...###
#.#. #... #
#. c. #.


You could see a centaur.

Vanquished Creatures
  A water moccasin (D:6)
  Purgy (Sewer)
  An ice beast (D:5)
  An ogre (D:6)
  A bullfrog (D:6)
  2 scorpions
  A quasit (D:5)
  A jelly (D:6)
  A bullfrog skeleton (D:3)
  2 worker ants
  A hound skeleton (D:4)
  5 gnolls
  7 adders
  A shadow imp (D:5)
  An ooze (D:6)
  A dart slug (D:1)
  2 orcs
  A ball python (D:3)
  A giant cockroach (D:3)
  A goblin (D:3)
  7 jackals
  2 kobolds (D:1)
  5 bats (Sewer)
  6 rats
53 creatures vanquished.

Notes
Turn   | Place    | Note
-------+----------+-------------------------------------------
     0 | D:1      | xgamer67 the Vine Stalker Berserker began the quest for the Orb.
     0 | D:1      | Reached XP level 1. HP: 11/11 MP: 2/2
    20 | D:1      | Reached skill level 3 in Axes
    94 | D:2      | Reached XP level 2. HP: 16/16 MP: 3/3
   144 | D:3      | Reached XP level 3. HP: 13/19 MP: 4/4
   227 | D:3      | Reached skill level 4 in Axes
   254 | D:3      | Found a glowing drain.
   270 | Sewer    | Entered a sewer
   278 | Sewer    | Gained mutation: Your natural rate of healing is unusually fast. [Vine Stalker growth]
   278 | Sewer    | Reached XP level 4. HP: 17/23 MP: 3/5
   292 | Sewer    | Reached ** piety under Trog
   300 | Sewer    | Noticed Purgy
   307 | Sewer    | Killed Purgy
   307 | Sewer    | Reached skill level 5 in Axes
   307 | Sewer    | Reached XP level 5. HP: 27/27 MP: 4/6
   451 | D:4      | Found an ornate altar of the Wu Jian Council.
   534 | D:4      | Reached skill level 1 in Evocations
   534 | D:4      | Reached XP level 6. HP: 18/32 MP: 2/7
   540 | D:5      | Entered Level 5 of the Dungeon
   593 | D:5      | Reached skill level 6 in Axes
   794 | D:6      | Noticed a water moccasin
   806 | D:6      | Killed a water moccasin
   806 | D:6      | Reached XP level 7. HP: 29/35 MP: 9/9
   815 | D:6      | Reached skill level 7 in Axes
   973 | D:6      | Slain by a centaur

Vault maps used:
D:1:      saegor_arrival_miasma, hangedman_decor_growths
D:2:      minmay_strange_pillars, nicolae_tso_carved_into_rock
D:3:      cheibrodos_sewer_entry_drain
D:4:      overflow_temple_1_default, first_bread
D:5:      lemuel_castle_with_subvaults, kennysheep_little_box,
          minmay_temple_entry_large_hall
D:6:      lemuel_zombie_altar_yredelemnul, hangedman_minor_gate_pass,
          uniq_prince_ribbit1
Sewer:    sewer_big_baddie

Skill      XL: |  1  2  3  4  5  6  7 |
---------------+----------------------+-----
Axes           | 3 4 5 6 7 |  7.7
Evocations     | 1 2 3 |  3.0
Fighting       | |  2.6
Armour         | |  1.5
Dodging        | |  1.5

Action                   |  1- 3 |  4- 6 |  7- 9 || total
-------------------------+-------+-------+-------++-------
Melee: Hand axe          |    47 |   141 |    37 ||   225
       Bite              |    10 |    33 |    10 ||    53
Invok: Berserk           |     2 |     3 |     2 ||     7
       Trog's Hand       |       |       |     1 ||     1
 Stab: Sleeping          |     1 |       |       ||     1
  Eat: Chunk             |       |     3 |     3 ||     6
Armor: Animal skin       |     7 |       |       ||     7
       Plate armour      |    19 |   160 |    12 ||   191
Dodge: Dodged            |    26 |    65 |    11 ||   102
